 Dungeon Crawl Stone Soup version 0.23.1-37-gaa34b87b72 (webtiles) character file.

Game seed: 1073120359565323895

44 Norn the Cutter (level 3, 0/24 HPs)
             Began as a Halfling Warper on Mar 26, 2019.
             Succumbed to an adder's poison
             ... on level 2 of the Dungeon.
             The game lasted 00:02:57 (1295 turns).

Norn the Cutter (Halfling Warper)                   Turns: 1295, Time: 00:02:58

Health: 0/24       AC:  3    Str: 12    XL:     3   Next: 87%
Magic:  5/5        EV: 14    Int: 12    God:
Gold:   44         SH:  0    Dex: 13    Spells: 1/5 levels left

rFire    . . .     SeeInvis .   a - +0 short sword
rCold    . . .     Gourm    .   (shield restricted)
rNeg     . . .     Faith    .   b - +0 leather armour
rPois    .         Spirit   .   (no helmet)
rElec    .         Reflect  .   (no cloak)
rCorr    .         Harm     .   (no gloves)
MR       .....                  (no boots)
Stlth    +.........             (no amulet)
HPRegen  0.08/turn              (no ring)
MPRegen  0.09/turn              (no ring)

@: lethally poisoned (0 -> -5), flying
A: small, mutation resistance 1
a: no special abilities


You were on level 2 of the Dungeon.
You were not hungry.

You visited 1 branch of the dungeon, and saw 2 of its levels.

You collected 44 gold pieces.

Inventory:

Hand Weapons
 a - a +0 short sword (weapon)
 i - a +0 hunting sling
   (You found it on level 1 of the Dungeon)
Missiles
 f - 5 tomahawks of dispersal (quivered) {!f}
Armour
 b - a +0 leather armour (worn)
 c - a +0 pair of boots
   (You found it on level 1 of the Dungeon)
Scrolls
 d - a scroll of blinking
 g - 2 scrolls of fear
 h - a scroll of enchant weapon {unknown}
 k - a scroll of immolation {unknown}
 m - a scroll of amnesia {unknown}
Potions
 j - a potion of flight
Comestibles
 e - 2 rations {!d}
 l - a chunk of flesh


   Skills:
 - Level 1.8 Fighting
 * Level 4.2 Short Blades
 - Level 1.0 Throwing
 - Level 1.1 Armour
 - Level 2.2 Dodging
 - Level 1.5 Spellcasting
 + Level 3.7 Translocations


You had one spell level left.
You knew the following spells:

 Your Spells              Type           Power        Failure   Level  Hunger
b - Blink                 Tloc           N/A          12%         2    ###....
q - Shroud of Golubria    Chrm/Tloc      #.........   26%         2    ###....

Your spell library contained the following spells:

 Spells                   Type           Power        Failure   Level  Hunger
 Gell's Gravitas          Tloc           #.........   24%         3    ####...
 Lesser Beckoning         Tloc           #.........   24%         3    ####...
 Teleport Other           Tloc           #.......     24%         3    ####...
 Passage of Golubria      Tloc           N/A          61%         4    #####..


Dungeon Overview and Level Annotations

Branches:
Dungeon (2/15)

Altars:


Innate Abilities, Weirdness & Mutations

You are small and have problems with some larger weapons.
You are somewhat resistant to further mutation.


Message History

You hit the adder. The adder closely misses you.
You miss the adder. The adder barely misses you.
You closely miss the adder. The adder misses you.
The adder bites you but does no damage.
You hit the adder but do no damage. The adder bites you.
You are poisoned.
The adder poisons you!
You closely miss the adder.
You feel sick. The adder bites you.
You are more poisoned.
The adder poisons you!
You miss the adder.
You feel sick. The adder bites you.
* * * LOW HITPOINT WARNING * * *
You are more poisoned.
The adder poisons you!
You hit the adder.
* * * LOW HITPOINT WARNING * * *
You feel sick. The adder closely misses you.
You hit the adder.
You kill the adder!
* * * LOW HITPOINT WARNING * * *
You feel sick.
It was a potion of flight.
You feel very buoyant.
You fly up into the air.
* * * LOW HITPOINT WARNING * * *
You feel sick.
* * * LOW HITPOINT WARNING * * *
You feel sick.
* * * LOW HITPOINT WARNING * * *
You feel sick.
There is a lethal amount of poison in your body!
Unknown command.
* * * LOW HITPOINT WARNING * * *
You feel sick.
Okay, then.
* * * LOW HITPOINT WARNING * * *
You feel sick.
* * * LOW HITPOINT WARNING * * *
You feel sick.
Found 13 gold pieces.
Unknown command.
* * * LOW HITPOINT WARNING * * *
You feel sick.
* * * LOW HITPOINT WARNING * * *
You feel sick.
* * * LOW HITPOINT WARNING * * *
You feel sick.
* * * LOW HITPOINT WARNING * * *
You feel sick.
You die...

..........# #.#
.$........# #.#
#.........# #.#
#.........###.#
#...###.......# ###
#.......####
#..........#
#..........#########
###...†.@....÷.....#
#........#######.#
#........# #.##.#
########## #....#
#.#### #.# #.# #.#
#.#


There were no monsters in sight!

Vanquished Creatures
  2 adders (D:2)
  An ooze (D:1)
  A leopard gecko (D:2)
  4 bats (D:1)
  A giant cockroach (D:1)
  3 goblins (D:1)
  3 hobgoblins (D:1)
  3 frilled lizards
  3 kobolds (D:1)
  A rat (D:1)
22 creatures vanquished.

Notes
Turn   | Place    | Note
-------+----------+-------------------------------------------
     0 | D:1      | Norn the Halfling Warper began the quest for the Orb.
     0 | D:1      | Reached XP level 1. HP: 14/14 MP: 3/3
   154 | D:1      | Reached skill level 3 in Short Blades
   154 | D:1      | Reached XP level 2. HP: 16/19 MP: 4/4
   202 | D:1      | Learned a level 2 spell: Blink
   205 | D:1      | Learned a level 2 spell: Shroud of Golubria
   594 | D:1      | Reached XP level 3. HP: 24/24 MP: 5/5
  1156 | D:2      | Reached skill level 4 in Short Blades
  1293 | D:2      | HP: 1/24 [poisoned by an adder]
  1295 | D:2      | Succumbed to an adder's poison

Skill      XL: |  1  2  3 |
---------------+----------+-----
Short Blades   | 3 4 |  4.2
Fighting       | |  1.8
Throwing       | |  1.0
Armour         | |  1.1
Dodging        | |  2.2
Spellcasting   | |  1.5
Translocations | |  3.7

Action                   || total
-------------------------++-------
Melee: Short sword       ||   104
  Use: Scroll            ||     1
       Potion            ||     1
  Eat: Chunk             ||     1
Armor: Leather armour    ||    13
Dodge: Dodged            ||    69
